 Dungeon Crawl Stone Soup version 0.23-b1-6-ga921848b48 (webtiles) character file.

Game seed: 1041606504337953012

168 Kohma the Ruffian (level 5, -4/47 HPs)
             Began as a Ghoul Monk on Feb 2, 2019.
             Slain by a phantom (5 damage)
             ... on level 3 of the Dungeon.
             The game lasted 00:07:38 (3104 turns).

Kohma the Ruffian (Ghoul Monk)                      Turns: 3104, Time: 00:07:38

Health: -4/47      AC:  6    Str: 16    XL:     5   Next: 49%
Magic:  4/4        EV: 11    Int:  5    God:
Gold:   122        SH:  0    Dex: 11    Spells: 4/4 levels left

rFire    . . .     SeeInvis .     - Unarmed
rCold    + . .     Gourm    .   (no shield)
rNeg     + + +     Faith    .   l - +0 ring mail
rPois    ∞         Spirit   .   (no helmet)
rElec    .         Reflect  .   (no cloak)
rCorr    .         Harm     .   (no gloves)
MR       .....                  a - +0 pair of boots
Stlth    +.........             (no amulet)
HPRegen  0.00/turn              (no ring)
MPRegen  0.09/turn              (no ring)

@: rotting
A: rotting body, claws 1, carnivore, cold resistance 1, negative energy
resistance 3, inhibited regeneration, torment resistance, unbreathing
a: no special abilities


You were on level 3 of the Dungeon.
You were not hungry.

You visited 1 branch of the dungeon, and saw 4 of its levels.

You collected 122 gold pieces.

Inventory:

Missiles
 n - 6 tomahawks (quivered)
Armour
 a - a +0 pair of boots (worn)
 l - a +0 ring mail (worn)
Jewellery
 o - a +3 ring of protection {unknown}
 q - an uncursed ring of ice {unknown}
Scrolls
 c - 4 scrolls of remove curse {unknown}
 i - 8 scrolls of identify {unknown}
 k - a scroll of enchant weapon {unknown}
 p - 2 scrolls of immolation {unknown}
Potions
 d - a potion of brilliance {unknown}
 e - 2 potions of curing {unknown}
 f - 4 potions of heal wounds {unknown}
 g - a potion of invisibility {unknown}
 h - 2 potions of haste {unknown}
 m - a potion of resistance {unknown}
Comestibles
 b - 8 rations


   Skills:
 + Level 4.7 Fighting
 - Level 2.6 Dodging
 - Level 2.1 Stealth
 * Level 5.6 Unarmed Combat


You had 4 spell levels left.
You didn't know any spells.
Your spell library was empty.

Dungeon Overview and Level Annotations

Branches:
Dungeon (4/15)
 Temple: D:4-7

Altars:
Xom

Shops:
D:4 =


Innate Abilities, Weirdness & Mutations

Your body is rotting away.
You thrive on raw meat.
You are immune to poison.
You have sharp fingernails.
You are carnivorous and can eat meat at any time.
Your flesh is cold resistant. (rC+)
You are immune to negative energy. (rN+++)
You do not regenerate when monsters are visible.
You are immune to unholy pain and torment.
You can survive without breathing.


Message History

The phantom hits you.
* * * LOW HITPOINT WARNING * * *
You scratch the phantom.
The phantom is heavily damaged.
You barely miss the phantom.
The phantom is heavily damaged.
The phantom hits you but does no damage.
You scratch the phantom.
The phantom is severely damaged.
The phantom hits you.
* * * LOW HITPOINT WARNING * * *
The phantom blinks!
The phantom blinks!
The phantom hits you but does no damage.
The phantom hits you!
* * * LOW HITPOINT WARNING * * *
There is a stone staircase leading up here.
The phantom blinks!
The phantom hits you.
You die...

##.....###.##.# ##.##
##..........##.# #.##
#.........####.# #.##
#....<.........# #..#
#.........###### ##.#
#........## #.#
#.#.....## #######.#
#.##W).## #........
#.###@## ##>#####.#
#.##...######..#####.#
#.#......^.....##.<...
#.................##.#
#####.######...#####.#
### ##.## #.. ### ###


You could see a phantom.

Vanquished Creatures
  A hound (D:3)
  A hound skeleton (D:2)
  3 adders (D:2)
  2 oozes
  2 dart slugs
  2 leopard geckos
  6 orcs (D:3)
  A ball python (D:1)
  3 giant cockroaches
  7 goblins
  14 hobgoblins
  13 bats
  5 frilled lizards
  9 kobolds
  5 rats
74 creatures vanquished.

Notes
Turn   | Place    | Note
-------+----------+-------------------------------------------
     0 | D:1      | Kohma the Ghoul Monk began the quest for the Orb.
     0 | D:1      | Reached XP level 1. HP: 19/19 MP: 0/0
   101 | D:1      | Reached XP level 2. HP: 24/24 MP: 1/1
   341 | D:1      | Reached skill level 4 in Unarmed Combat
   379 | D:1      | Reached XP level 3. HP: 31/33 MP: 2/2
  1331 | D:2      | Reached XP level 4. HP: 38/39 MP: 3/3
  1684 | D:2      | Reached skill level 5 in Unarmed Combat
  2046 | D:3      | Found a shimmering altar of Xom.
  2058 | D:3      | Reached XP level 5. HP: 47/47 MP: 4/4
  2136 | D:3      | Found a faded altar of an unknown god.
  2782 | D:4      | Found Qusic's Jewellery Boutique.
  2782 | D:4      | Noticed a phantom
  3092 | D:3      | HP: 1/47 [phantom (8)]
  3104 | D:3      | Slain by a phantom

Skill      XL: |  1  2  3  4 |
---------------+-------------+-----
Unarmed Combat | 4 5 |  5.6
Fighting       | 4 |  4.7
Dodging        | |  2.6
Stealth        | |  2.1

Action                   |  1- 3 |  4- 6 || total
-------------------------+-------+-------++-------
Melee: Unarmed           |    82 |   159 ||   241
       Punch             |     1 |     2 ||     3
Throw: Tomahawk          |       |    14 ||    14
 Stab: Sleeping          |     6 |       ||     6
       Distracted        |       |     1 ||     1
  Eat: Chunk             |     5 |     4 ||     9
Armor: Leather armour    |    30 |     2 ||    32
       Robe              |     5 |       ||     5
       Ring mail         |       |    59 ||    59
Dodge: Dodged            |    78 |    96 ||   174
